 Dungeon Crawl Stone Soup version 0.28.0-45-g0d030f2227 (webtiles) character file.

Game seed: 14931364471047601284

634 Zeld the Chiller (level 7, -1/52 HPs)
             Began as a Merfolk Ice Elementalist on Apr 22, 2022.
             Slain by an ogre
             ... wielding a +0 giant club
              (19 damage)
             ... on level 4 of the Dungeon.
             The game lasted 00:08:18 (4607 turns).

Zeld the Chiller (Merfolk Ice Elementalist)         Turns: 4607, Time: 00:08:19

Health: -1/52      AC:  7    Str:  4    XL:     7   Next: 49%
Magic:  6/12       EV: 13    Int: 24    God:
Gold:   166        SH:  0    Dex: 14    Spells: 2/13 levels left

rFire   . . .      SeeInvis +   a - +0 spear
rCold   . . .      Faith    .   (no shield)
rNeg    . . .      Spirit   .   q - +0 robe
rPois   .          Reflect  .   g - +4 helmet of Negligence {Str-5 Int+8 SInv Stlth-}
rElec   .          Harm     .   (no cloak)
rCorr   .          Rampage  .   (no gloves)
Will    .....                   (no boots)
Stlth   +.........              (no amulet)
HPRegen 0.17/turn               (no ring)
MPRegen 0.13/turn               (no ring)

@: freezing walls
A: (nimble swimmer 2), mertail
a: no special abilities


You were on level 4 of the Dungeon.
You visited 2 branches of the dungeon, and saw 5 of its levels.
You also visited: Ossuary.

You collected 166 gold pieces.

Inventory:

Hand Weapons
 a - a +0 spear (weapon)
Armour
 g - the +4 helmet of Negligence (worn) {Str-5 Int+8 SInv Stlth-}
   (You took it off Robin on level 2 of the Dungeon)

   Str:       It affects your strength (-5).
   Int:       It affects your intelligence (+8).
   SInv:      It lets you see invisible.
   Stlth:     It makes you less stealthy.
 q - a +0 robe (worn)
Wands
 n - a wand of polymorph (10)
Scrolls
 c - a scroll of identify
 l - a scroll of brand weapon
 m - a scroll of amnesia
 p - a scroll of holy word
Potions
 b - 2 potions of cancellation {unknown}
 d - a potion of degeneration {unknown}
 e - a potion of curing {unknown}
 f - a potion of mutation {unknown}
 h - a potion of lignification {unknown}
 i - a potion of berserk rage {unknown}
 j - a potion of attraction {unknown}
 o - a potion of haste {unknown}
 r - a potion of heal wounds {unknown}


   Skills:
 * Level 3.4 Fighting
 + Level 1.9 Polearms
 + Level 1.4 Armour
 + Level 4.3 Dodging
 + Level 3.7 Stealth
 * Level 3.7 Spellcasting
 + Level 0.6 Conjurations
 * Level 5.8 Ice Magic
 + Level 0.9 Evocations


You had 2 spell levels left.
You knew the following spells:

 Your Spells              Type           Power      Damage    Failure   Level
a - Freeze                Ice            100%       1d11      1%          1
b - Frozen Ramparts       Ice            64%        1d8       2%          3
c - Ozocubu's Armour      Ice            32%        N/A       2%          3
d - Hailstorm             Conj/Ice       20%        3d6       26%         4

Your spell library contained the following spells:

 Spells                   Type           Power      Damage    Failure   Level


Dungeon Overview and Level Annotations

Branches:
Dungeon (4/15)             Temple (1/1) D:4         Ossuary (visited)

Altars:
Ashenzari
Dithmenos
Elyvilon
Fedhas
Gozag
Hepliaklqana
Okawaru
Qazlal
Ru
Trog
Uskayaw
Wu Jian
Xom
Yredelemnul
Zin
The Shining One

Shops:
D:4 (


Innate Abilities, Weirdness & Mutations

((You are very nimble when in or above water. (Stealth+, EV+, Speed+++)))
Your lower body shifts to a powerful aquatic tail in water.


Message History

Press: ? - help, Dir - look around, f - activate The walls around you are covered in ice.
The ogre shouts!
The wall freezes the orc.
The orc misses you.
The orc priest calls upon Beogh to heal the orc.
The orc's wounds heal themselves!
The wall freezes the orc.
The orc hits you with a +0 mace.
The wall freezes the orc!
You kill the orc!
Unknown command.
The wall freezes the orc priest.
Casting: Frozen Ramparts (dangerous; 2% risk of failure)
Confirm with . or Enter, or press ? or * to list all spells.
Aiming: Freeze (safe; 1% risk of failure)
Press: ? - help, Shift-Dir - straight line, f - orc priest
Aim: an orc priest, wielding a +0 short sword and wearing a +0 leather armour (heavily wounded)
You freeze the orc priest.
The orc priest is heavily wounded.
The wall freezes the orc priest.
The orc priest casts a cantrip, but nothing happens.
Casting: Freeze (safe; 1% risk of failure)
Confirm with . or Enter, or press ? or * to list all spells.
Aiming: Freeze (safe; 1% risk of failure)
Press: ? - help, Shift-Dir - straight line, f/p - orc priest
Aim: an orc priest, wielding a +0 short sword and wearing a +0 leather armour (almost dead)
You freeze the orc priest.
The orc priest is almost dead.
The wall freezes the orc priest.
The orc priest hits you with a +0 short sword.
The wall freezes the orc!
You kill the orc!
Casting: Freeze (safe; 1% risk of failure)
Confirm with . or Enter, or press ? or * to list all spells.
Aiming: Freeze (safe; 1% risk of failure)
Press: ? - help, Shift-Dir - straight line, f/p - orc priest
Aim: an orc priest, wielding a +0 short sword and wearing a +0 leather armour (almost dead)
You freeze the orc priest.
You kill the orc priest!
The ogre hits you with a +0 giant club!!
You die...

#...# ##.o..........#
#.... #...#
#.....###.....# ....>
####)..###......#...##.###
.....
....[...##......#.o.......
......
........#######...........
........# ####........
........# #........
........##########).......
................@)o.......
................O..###.###
...................# .#
...................# #
.O.................#
...................#
.#######...........# .#
..........# .#


You could see an ogre and an orc.

Vanquished Creatures
  An ice beast (D:3)
  An elf zombie (Ossuary)
  A scorpion (D:3)
  2 centaur zombies (Ossuary)
  2 orc priests (D:4)
  Ijyb (D:3)
  An orc wizard (D:4)
  Robin (D:2)
  4 adders
  A worm zombie (D:4)
  5 worms
  3 dart slugs (D:2)
  6 orcs
  4 bats
  6 endoplasms
  2 giant cockroaches
  26 goblins
  5 hobgoblins
  3 jackals (D:4)
  3 quokkas
  2 ball pythons
  A frilled lizard (D:1)
  11 hobgoblin zombies (Ossuary)
  A jackal zombie (Ossuary)
  6 kobolds
  9 kobold zombies (Ossuary)
  6 orc zombies (Ossuary)
  8 rats
122 creatures vanquished.

Vanquished Creatures (collateral kills)
  2 human zombies (Ossuary)
  2 mummies (Ossuary)
  2 hobgoblin zombies (Ossuary)
6 creatures vanquished.

Grand Total: 128 creatures vanquished

Notes
Turn   | Place    | Note
-------+----------+-------------------------------------------
     0 | D:1      | Zeld the Merfolk Ice Elementalist began the quest for the
                  | Orb.
     0 | D:1      | Reached XP level 1. HP: 13/13 MP: 3/3
   142 | D:1      | Found a faded altar of an unknown god.
   526 | D:1      | Reached XP level 2. HP: 17/20 MP: 3/5
   954 | D:2      | Found a white marble altar of Elyvilon.
  1071 | D:2      | Reached skill level 1 in Fighting
  1277 | D:2      | Reached XP level 3. HP: 26/26 MP: 4/6
  1281 | D:2      | Learned a level 3 spell: Frozen Ramparts
  2072 | D:2      | Identified the +4 helmet of Negligence {Str-5 Int+8 SInv
                  | Stlth-}
  2072 | D:2      | Noticed Robin
  2084 | D:2      | Reached XP level 4. HP: 30/32 MP: 1/7
  2084 | D:2      | Killed Robin
  2550 | D:3      | Reached skill level 5 in Ice Magic
  2675 | D:3      | Noticed an ice beast
  2848 | D:3      | Noticed Ijyb
  2856 | D:3      | Reached XP level 5. HP: 38/38 MP: 5/9
  2860 | D:3      | Killed Ijyb
  2978 | D:3      | Identified the +1 ring mail of the Pink Corner {rC+}
  3085 | D:3      | Reached skill level 1 in Armour
  3317 | D:3      | Killed an ice beast
  3318 | D:3      | Reached XP level 6. HP: 46/46 MP: 8/10
  3322 | D:3      | Learned a level 3 spell: Ozocubu's Armour
  3327 | D:3      | Learned a level 4 spell: Hailstorm
  3748 | D:4      | Found a staircase to the Ecumenical Temple.
  3755 | Temple   | Entered the Ecumenical Temple
  3828 | D:4      | Found Genih's Weapon Emporium.
  3931 | D:4      | Found a sand-covered staircase.
  3931 | D:4      | Found a bloodstained altar of Trog.
  3932 | D:4      | Found a glowing golden altar of the Shining One.
  3932 | D:4      | Found a glowing silver altar of Zin.
  3932 | D:4      | Found a blossoming altar of Fedhas.
  3933 | D:4      | Found a shimmering altar of Xom.
  3953 | D:4      | Found a shadowy altar of Dithmenos.
  3953 | D:4      | Found an iron altar of Okawaru.
  3963 | Ossuary  | Entered an ossuary
  4239 | Ossuary  | Reached skill level 1 in Polearms
  4239 | Ossuary  | Reached XP level 7. HP: 34/52 MP: 1/12
  4607 | D:4      | Slain by an ogre

Illustrated notes

Levels and vault maps discovered:
D:1:      sevenhm_arrival_forest_fort_small_3, layout_loops_ring,
          hellmonk_ecumenical_altar_inner_sanctum
D:2:      layout_basic, basic_altar, uniq_robin
D:3:      kennysheep_the_goblin_king, layout_basic
D:4:      layout_basic, grunt_temple_overflow_open, minmay_temple_entry_tees,
          serial_shops, shop, enter_ossuary_3, gup_sewer_entry_bubbles
Temple:   compressed_dpeg_triangle_lava_temple

Skill      XL: |  1  2  3  4  5  6 |
---------------+-------------------+-----
Fighting       | 1 2 3 |  3.4
Dodging        | 3 4 |  4.3
Ice Magic      | 5 |  5.8
Stealth        | 3 |  3.7
Spellcasting   | 3 |  3.7
Armour         | 1 |  1.4
Polearms       | 1 |  1.9
Conjurations   | |  0.6
Evocations     | |  0.9

Action                   |  1- 3 |  4- 6 |  7- 9 || total
-------------------------+-------+-------+-------++-------
Melee: Unarmed           |    12 |    19 |       ||    31
       Punch             |       |     2 |     4 ||     6
       Spear             |       |   111 |    62 ||   173
 Cast: Freeze            |    49 |    55 |     3 ||   107
       Frozen Ramparts   |     2 |     8 |     1 ||    11
       Hailstorm         |       |     2 |       ||     2
Evoke: Wand              |       |     5 |       ||     5
  Use: Scroll            |       |     6 |     3 ||     9
 Stab: Sleeping          |       |     1 |       ||     1
Armor: Robe              |     8 |   104 |    19 ||   131
Dodge: Dodged            |    23 |   184 |    52 ||   259
